 Dungeon Crawl Stone Soup version 0.25-a0-458-g6fc7858b95 (webtiles) character file.

Game seed: 6619321334664523378, levelgen mode: deterministic

14532 Nattfarinn the Fighter (level 12, -3/100 HPs)
             Began as a Formicid Abyssal Knight on Feb 2, 2020.
             Was a High Priest of Lugonu.
             Slain by a catoblepas (25 damage)
             ... on level 11 of the Dungeon.
             The game lasted 00:29:15 (12528 turns).

Nattfarinn the Fighter (Formicid Abyssal Knight)   Turns: 12528, Time: 00:29:17

Health: -3/100     AC: 13    Str: 21    XL:     12   Next: 46%
Magic:  13/13      EV: 11    Int: 13    God:    Lugonu [*****.]
Gold:   663        SH:  4    Dex: 10    Spells: 4/11 levels left

rFire    + . .     SeeInvis +   k - +7 mace (holy)
rCold    x . .     Gourm    .   d - +0 buckler
rNeg     . . .     Faith    .   h - +0 chain mail
rPois    .         Spirit   .   (helmet unavailable)
rElec    .         Reflect  .   e - scarf {cloud immunity}
rCorr    .         Harm     .   p - +0 pair of gloves
MR       +....                  (no boots)
Stlth    ..........             n - amulet of magic regeneration
HPRegen  0.26/turn              C - ring of fire
MPRegen  0.38/turn              E - ring of stealth

@: no status effects
A: permanent stasis, dig shafts and tunnels, four strong arms, antennae 3
a: Dig, Shaft Self, Depart the Abyss, Bend Space, Banish, Corrupt, Enter the
Abyss, Renounce Religion


You were on level 11 of the Dungeon.
You worshipped Lugonu.
Lugonu was extremely pleased with you.
You were not hungry.

You visited 1 branch of the dungeon, and saw 11 of its levels.
You visited the Abyss 1 time.

You collected 743 gold pieces.
You spent 80 gold pieces at shops.

Inventory:

Hand Weapons
 a - a +1 mace
 k - a +7 mace of holy wrath (weapon)
 F - a +0 great mace
Armour
 b - a +0 leather armour
 d - a +0 buckler (worn)
 e - a scarf of cloud immunity (worn)
 f - the +1 robe "Huasedo" {rN+}
   (You found it on level 8 of the Dungeon)

   It protects you from negative energy.
   If you switch to wearing this armour, your AC will fall 8 points (13 -> 5)
 h - a +0 chain mail (worn)
 p - a +0 pair of gloves (worn)
 H - the +1 leather armour of Kalesen {MR++ Str+3 Dex+2}
   (You found it on level 11 of the Dungeon)

   It affects your strength (+3).
   It affects your dexterity (+2).
   It affects your resistance to hostile enchantments.
   If you switch to wearing this armour, your AC will fall 7 points (13 -> 6)
Jewellery
 n - an amulet of magic regeneration (around neck)
 C - a ring of fire (left hand)
 E - a ring of stealth (right hand)
Wands
 y - a wand of random effects (27)
 z - a wand of iceblast (13)
Scrolls
 g - a scroll of amnesia {unknown}
 i - a scroll of fog
 j - 5 scrolls of enchant armour
 l - 8 scrolls of remove curse
 q - a scroll of fear {unknown}
 r - a scroll of random uselessness {unknown}
 u - 6 scrolls of identify
 A - a scroll of magic mapping {unknown}
Potions
 m - 2 potions of heal wounds
 o - 8 potions of curing
 t - 5 potions of flight
 v - 2 potions of mutation
 w - a potion of cancellation {unknown}
 x - a potion of brilliance {unknown}
 B - a potion of haste {unknown}
 D - a potion of berserk rage {unknown}
 I - a potion of lignification {unknown}
Comestibles
 c - 10 rations
 G - 9 chunks of flesh


   Skills:
 + Level 11.0 Fighting
 + Level 9.8 Maces & Flails
 + Level 10.6 Armour
 + Level 8.9 Dodging
 - Level 4.0 Shields
 - Level 2.1 Invocations


You had 4 spell levels left.
You knew the following spells:

 Your Spells              Type           Power        Failure   Level  Hunger
a - Orb of Destruction    Conj           #.........   100%        7    #######

Your spell library contained the following spells:

 Spells                   Type           Power        Failure   Level  Hunger
 Foxfire                  Conj/Fire      #...         89%         1    ##.....
 Conjure Flame            Conj/Fire      #.......     99%         3    ####...
 Inner Flame              Hex/Fire       #.......     99%         3    ####...
 Sticky Flame             Conj/Fire      #.......     100%        4    #####..
 Bolt of Magma            Conj/Fire/Erth #.........   100%        5    ######.
 Fireball                 Conj/Fire      #.........   100%        5    ######.
 Iskenderun's Battlesphe  Conj/Chrm      #.......     100%        5    ######.
 Iron Shot                Conj/Erth      #.........   100%        6    #######
 Spellforged Servitor     Conj/Summ      #.........   100%        7    #######


Dungeon Overview and Level Annotations

Branches:
Dungeon (11/15)            Temple (0/1) D:4            Lair (0/6) D:11
    Orc (0/2) D:9

Altars:
Cheibriados
Dithmenos
Hepliaklqana
Kikubaaqudgha
Makhleb
Nemelex Xobeh
Okawaru
Sif Muna
Trog

Shops:
D:5 !   D:11 }


Innate Abilities, Weirdness & Mutations

You cannot be hasted, slowed, berserked, paralysed or teleported.
You can dig through walls and to a lower floor.
Your four strong arms can wield two-handed weapons with a shield.
You have a pair of large antennae on your head. (SInv)


Message History

The two-headed ogre is engulfed in noxious fumes.
The two-headed ogre appears confused.
The catoblepas seems less confused.
The two-headed ogre is engulfed in noxious fumes.
The two-headed ogre appears confused.
The two-headed ogre barely misses you.
The two-headed ogre hits you with a +0 giant club.
* * * LOW HITPOINT WARNING * * *
The catoblepas barely misses you.
Found a glass wand.
You feel much better.
The two-headed ogre is engulfed in noxious fumes.
The two-headed ogre appears confused.
The catoblepas gores you!
You hit the catoblepas.
The catoblepas is almost dead.
The two-headed ogre is engulfed in noxious fumes.
The two-headed ogre barely misses you.
The two-headed ogre hits you with a +0 giant club!
* * * LOW HITPOINT WARNING * * *
The catoblepas gores you!!
You die...

#....##...#..#.#.÷÷...#.......
####....##...#..#.#..#...#.......
........'....#..#.#..#...#.......
#......#.......##.#..#####...#..#
#...............#.#..........#..#
#......#........#.#..........#..#
#..............§#+#..........#..#
#....###..##....O§§###########..#
#....##..#......@Y§..... ...#
#....##....>............
#...............#####'##
#...[#............ .
#....##.........## ######
.......... ......... ./.....


You could see a catoblepas and a two-headed ogre (confused).

Vanquished Creatures
  2 two-headed ogres
  A death yak (D:11)
  An unseen horror (D:10)
  Pikel (D:6)
  2 centaur zombies (D:7)
  3 centaur skeletons
  2 hellwings (D:7)
  A harpy zombie (D:7)
  A meliai (shapeshifter) (D:8)
  A hornet (D:9)
  Grinder (D:6)
  A vampire (D:10)
  A shadow (D:8)
  Sigmund (D:6)
  19 yaks
  3 wyverns
  2 hungry ghosts
  Duvessa (D:7)
  A hornet zombie (D:7)
  4 ice beasts
  2 sky beasts
  3 black bears
  2 orc warriors
  4 ogres
  3 centaurs
  A big kobold (D:8)
  7 bullfrogs
  2 wyvern zombies
  3 scorpions
  2 wyvern skeletons
  Dowan (D:7)
  4 wights (D:10)
  5 howler monkeys
  4 crimson imps
  A quasit (D:10)
  A bullfrog zombie (D:9)
  5 hounds
  2 jellies
  3 bullfrog skeletons
  4 orc priests
  Jessica (D:2)
  An iguana (D:6)
  8 orc wizards
  7 worker ants
  A hell rat (D:11)
  A killer bee zombie (D:9)
  2 hound zombies
  A hound skeleton (D:10)
  A mummy (D:6)
  A worker ant zombie (D:9)
  A howler monkey zombie (D:7)
  8 gnolls
  4 adders
  2 river rats (D:11)
  8 shadow imps
  2 adder zombies (D:5)
  An adder skeleton (D:5)
  4 worms
  A dart slug (D:1)
  2 leopard geckos
  56 orcs
  3 giant cockroaches
  11 goblins
  7 hobgoblins
  9 jackals
  3 quokkas
  A ball python (D:4)
  A ball python zombie (D:5)
  4 bats
  9 frilled lizards
  4 kobolds
  A leopard gecko skeleton (D:6)
  2 quokka zombies
  7 rats
283 creatures vanquished.

Vanquished Creatures (collateral kills)
  A two-headed ogre (D:8)
1 creature vanquished.

Vanquished Creatures (others)
  2 slaves (D:6)
2 creatures vanquished.

Grand Total: 286 creatures vanquished

Notes
Turn   | Place    | Note
-------+----------+-------------------------------------------
     0 | Abyss:1  | Nattfarinn the Formicid Abyssal Knight began the quest for
                  | the Orb.
     0 | Abyss:1  | Reached XP level 1. HP: 18/18 MP: 2/2
     7 | D:1      | Escaped the Abyss
    89 | D:1      | Reached skill level 1 in Dodging
   404 | D:1      | Reached XP level 2. HP: 24/24 MP: 3/3
   766 | D:1      | Reached XP level 3. HP: 27/29 MP: 4/4
   892 | D:1      | Reached ** piety under Lugonu
  1133 | D:2      | Reached XP level 4. HP: 30/37 MP: 5/5
  1198 | D:2      | Found a bloodstained altar of Trog.
  1202 | D:2      | Found an iron altar of Okawaru.
  1311 | D:2      | Noticed Jessica
  1317 | D:2      | Killed Jessica
  1317 | D:2      | Reached skill level 4 in Fighting
  1323 | D:2      | Reached XP level 5. HP: 39/42 MP: 6/6
  1435 | D:2      | Found a sparkling altar of Nemelex Xobeh.
  1458 | D:2      | Found an ancient bone altar of Kikubaaqudgha.
  2379 | D:4      | Reached XP level 6. HP: 29/49 MP: 7/7
  2726 | D:4      | Reached *** piety under Lugonu
  2992 | D:4      | Found a burning altar of Makhleb.
  2995 | D:4      | Found a snail-covered altar of Cheibriados.
  2995 | D:4      | Noticed an ogre
  3238 | D:3      | Reached skill level 1 in Shields
  3296 | D:3      | Killed an ogre
  3296 | D:3      | Reached XP level 7. HP: 36/55 MP: 8/8
  3486 | D:4      | Found a staircase to the Ecumenical Temple.
  3540 | D:4      | Reached skill level 5 in Fighting
  3663 | D:4      | Found a hazy altar of Hepliaklqana.
  3671 | D:4      | Found a shadowy altar of Dithmenos.
  3762 | D:5      | Entered Level 5 of the Dungeon
  4076 | D:5      | Reached XP level 8. HP: 40/63 MP: 9/9
  4453 | D:5      | Reached skill level 5 in Armour
  4739 | D:5      | Found Vonwov's Distillery.
  4751 | D:5      | Bought a potion of curing for 30 gold pieces
  4751 | D:5      | Bought a potion of heal wounds for 50 gold pieces
  5118 | D:6      | Noticed Sigmund
  5124 | D:6      | Killed Sigmund
  5138 | D:6      | Reached skill level 6 in Fighting
  5183 | D:6      | Noticed Pikel
  5218 | D:6      | Killed Pikel
  5218 | D:6      | Reached **** piety under Lugonu
  5218 | D:6      | Reached skill level 5 in Maces & Flails
  5218 | D:6      | Reached XP level 9. HP: 52/71 MP: 10/10
  5322 | D:6      | Noticed Grinder
  5327 | D:6      | Killed Grinder
  5330 | D:6      | Reached skill level 5 in Dodging
  5419 | D:6      | Found a shimmering blue altar of Sif Muna.
  5544 | D:6      | Found a snail-covered altar of Cheibriados.
  5782 | D:7      | Noticed a hellwing
  5784 | D:7      | Noticed a hellwing
  6104 | D:7      | Reached skill level 7 in Fighting
  6130 | D:7      | Noticed Dowan
  6142 | D:7      | Killed Dowan
  6149 | D:7      | Noticed Duvessa
  6175 | D:7      | Killed Duvessa
  6393 | D:7      | Reached XP level 10. HP: 65/80 MP: 11/11
  6412 | D:7      | Reached skill level 8 in Fighting
  7731 | D:8      | Reached skill level 9 in Fighting
  7936 | D:8      | Reached XP level 11. HP: 86/89 MP: 12/12
  8061 | D:8      | Noticed a two-headed ogre
  8081 | D:8      | Killed a two-headed ogre
  8278 | D:8      | Got a thick robe
  8289 | D:8      | Identified the +1 robe "Huasedo" {rN+} (You found it on
                  | level 8 of the Dungeon)
  8628 | D:8      | Learned a level 7 spell: Orb of Destruction
  8942 | D:9      | Reached ***** piety under Lugonu
  9058 | D:9      | Found a staircase to the Orcish Mines.
  9636 | D:10     | Entered Level 10 of the Dungeon
  9648 | D:10     | Noticed an unseen horror
  9655 | D:10     | Killed an unseen horror
 10049 | D:10     | Reached skill level 10 in Fighting
 10830 | D:10     | Noticed a two-headed ogre
 10847 | D:10     | Killed a two-headed ogre
 11006 | D:11     | Noticed a two-headed ogre
 11016 | D:11     | Killed a two-headed ogre
 11016 | D:11     | Reached skill level 10 in Armour
 11016 | D:11     | Reached XP level 12. HP: 65/98 MP: 13/13
 11291 | D:11     | Found Meoxtise's Gadget Emporium.
 11823 | D:11     | Noticed a death yak
 11903 | D:11     | Killed a death yak
 12187 | D:11     | Found a staircase to the Lair.
 12347 | D:11     | Got a shimmering leather armour
 12383 | D:11     | Identified the +1 leather armour of Kalesen {MR++ Str+3
                  | Dex+2} (You found it on level 11 of the Dungeon)
 12448 | D:11     | Reached skill level 11 in Fighting
 12511 | D:11     | Noticed a catoblepas
 12521 | D:11     | Noticed a two-headed ogre
 12528 | D:11     | Slain by a catoblepas

Levels and vault maps discovered:
D:1:      matt_arrival_refuge, layout_loops_corners
D:2:      layout_loops_ring, nemelex_xobeh_ov_fountains_minmay,
          nicolae_overflow_crystal_walls, minitemple, uniq_jessica
D:3:      layout_basic
D:4:      layout_basic, grunt_temple_overflow_cloverleaf,
          minmay_temple_entry_trees
D:5:      layout_rooms, first_ration, serial_shops, shop
D:6:      layout_rooms, kennysheep_mini, chei_slow_surprise, uniq_grinder,
          uniq_sigmund, uniq_pikel
D:7:      cheibrodos_grave_circle, layout_rooms, uniq_duvessa
D:8:      minmay_bloctagon_deflated, layout_basic
D:9:      layout_loops_corners, david_orc_2
D:10:     layout_roguey
D:11:     layout_basic, dpeg_lair_monsters, serial_shops,
          nicolae_shop_behind_doors

Skill      XL: |  1  2  3  4  5  6  7  8  9 10 11 12 |
---------------+-------------------------------------+-----
Dodging        | 1 2 3 4 5 7 8 |  8.9
Armour         | 3 4 6 7 8 10 | 10.6
Fighting       | 4 5 6 7 9 10 11 | 11.0
Maces & Flails | 3 4 5 6 7 9 |  9.8
Shields        | 1 2 4 |  4.0
Invocations    | |  2.1

Action                   |  1- 3 |  4- 6 |  7- 9 | 10-12 || total
-------------------------+-------+-------+-------+-------++-------
Melee: Mace              |   112 |   187 |   328 |   649 ||  1276
Invok: Bend Space        |       |     1 |       |     1 ||     2
Evoke: Wand              |       |     2 |    12 |    16 ||    30
  Use: Scroll            |       |       |    11 |       ||    11
       Potion            |       |       |       |     3 ||     3
 Stab: Paralysed         |       |     4 |    19 |       ||    23
       Confused          |       |       |       |     2 ||     2
  Eat: Chunk             |     1 |     7 |    10 |    23 ||    41
Armor: Leather armour    |     8 |       |       |       ||     8
       Chain mail        |    52 |   153 |   184 |   241 ||   630
Dodge: Dodged            |    54 |    79 |   141 |   319 ||   593
Block: Buckler           |       |     5 |    68 |    96 ||   169

Table legend:
 A = Non-vault XP
 B = Vault XP
 C = Vault XP percentage of total XP
 D = Non-vault monster count
 E = Vault monster count
 F = Vault count percentage of total count
                 A         B        C        D         E       F
            +---------+---------+-------+---------+---------+-------
      Total |   14193 |    6567 |  31.6 |     244 |      40 |  14.1
            +---------+---------+-------+---------+---------+-------
        D:1 |      36 |       0 |   0.0 |      22 |       0 |   0.0
        D:2 |      89 |      37 |  29.4 |      17 |       1 |   5.6
        D:3 |     236 |       0 |   0.0 |      20 |       0 |   0.0
        D:4 |     484 |       0 |   0.0 |      19 |       0 |   0.0
        D:5 |     515 |       0 |   0.0 |      17 |       0 |   0.0
        D:6 |     346 |    1005 |  74.4 |      12 |       4 |  25.0
        D:7 |    1181 |    3186 |  73.0 |      21 |      16 |  43.2
        D:8 |    1259 |    1383 |  52.3 |      31 |       4 |  11.4
        D:9 |    1025 |      18 |   1.7 |      31 |       6 |  16.2
       D:10 |    4172 |       0 |   0.0 |      25 |       0 |   0.0
       D:11 |    4850 |     938 |  16.2 |      29 |       9 |  23.7
            +---------+---------+-------+---------+---------+-------
